 Dungeon Crawl Stone Soup version 0.30-a0-845-g7c6808c8ce (webtiles) character file.

Game seed: 10071953098445762342

47259 demibob the Tortoise (level 14, -15/116 HPs)
             Began as a Demonspawn Wanderer on Mar 2, 2023.
             Was an Initiate of Yredelemnul.
             Demolished by a skyshark (24 damage)
             ... on level 5 of the Lair of Beasts.
             The game lasted 00:23:32 (13181 turns).

demibob the Tortoise (Demonspawn Wanderer)         Turns: 13181, Time: 00:23:33

Health: -15/116    AC: 32    Str: 16    XL:     14   Next: 7%
Magic:  21/21      EV:  7    Int: 16    God:    Yredelemnul [......]
Gold:   1448       SH:  0    Dex: 12    Spells: 14/15 levels left

rFire   . . .      SeeInvis .    P - +3 spear of Gozag, Holding {spect, +Blink Stlth+}
rCold   + + .      Faith    .    (no shield)
rNeg    . . .      Spirit   .    u - +8 plate armour of Philately {Stlth+}
rPois   +          Reflect  .    (helmet restricted)
rElec   .          Rampage  +    t - +0 cloak
rCorr   .                        o - +0 pair of gloves of Kiti {Rampage rPois rC+}
Will    +....                    r - +0 pair of boots Stlth
                                 y - amulet of regeneration
HPRegen 1.19/turn                (no ring)
MPRegen 0.17/turn                c - ring of protection from cold

@: studying Translocations
A: horns 2, rugged brown scales 2, demonic guardian 1, foul stench 2
a: Renounce Religion, Evoke Blink, Recall Undead Harvest


You were on level 5 of the Lair of Beasts.
You worshipped Yredelemnul.
Yredelemnul was aware of your devotion.
You visited 2 branches of the dungeon, and saw 13 of its levels.
You also visited: Bailey and Ice Cave.

You collected 1448 gold pieces.


Innate Abilities, Weirdness & Mutations

You have a pair of horns on your head.
You are mostly covered in rugged brown scales. (AC +2, +5% HP)
A weak demonic guardian rushes to your aid.
You sometimes emit foul miasma when damaged in melee.


   Skills:
 + Level 10.4 Fighting
 - Level 12.0 Polearms
 - Level 1.0 Throwing
 + Level 15.7 Armour
 + Level 2.9 Dodging
 - Level 1.0 Spellcasting
 - Level 1.0 Transmutations
 - Level 10.2 Invocations


You had 14 spell levels left.
You knew the following spells:

 Your Spells              Type           Power      Damage    Failure   Level
b - Beastly Appendage     Tmut           8%         N/A       95%         1

Your spell library contained the following spells:

 Spells                   Type           Power      Damage    Failure   Level
 Ensorcelled Hibernation  Hex/Ice        0%         N/A       99%         2
 Sublimation of Blood     Necr           0%         N/A       99%         2
 Wereblood                Tmut           4%         N/A       99%         2
 Kindle Blastsparks       Fire/Tloc/Air  0%         2d10      100%        3
 Spider Form              Tmut/Pois      2%         N/A       100%        3
 Anguish                  Hex/Necr       0%         N/A       100%        4
 Fulminant Prism          Conj/Hex       0%         3d5       100%        4
 Iskenderun's Mystic Bla  Conj/Tloc      0%         2d3       100%        4
 Lee's Rapid Deconstruct  Erth           0%         3d4*      100%        5
 Summon Hydra             Summ           0%         N/A       100%        7

Inventory:

Hand Weapons
 a - a +4 heavy spear
 P - the +3 spear of Gozag, Holding (weapon) {spect, +Blink Stlth+}
   (You found it on level 2 of the Lair of Beasts)

   +Blink:    It lets you blink.
   Stlth:     It makes you more stealthy.
Missiles
 e - 2 throwing nets {=f}
Armour
 o - the +0 pair of gloves of Kiti (worn) {Rampage rPois rC+}
   (You found it on level 6 of the Dungeon)

   rC:        It protects you from cold.
   rPois:     It protects you from poison.
   Rampage:   It bestows one free step when moving towards enemies.
 r - a +0 pair of boots (worn)
 t - a +0 cloak (worn)
 u - the +8 plate armour of Philately (worn) {Stlth+}
   (You found it on level 5 of the Dungeon)

   Stlth:     It makes you more stealthy.
 M - a +1 kite shield of cold resistance
Magical Staves
 h - a staff of poison {!a}
Jewellery
 c - a ring of protection from cold (right hand)
 y - an amulet of regeneration (around neck)
 C - a ring of ice
 F - a ring of fire
 I - a +6 ring of intelligence
 T - an amulet of guardian spirit
 Z - a ring of wizardry
Wands
 i - a wand of paralysis (14)
 z - a wand of iceblast (5)
 G - a wand of polymorph (10)
 H - a wand of acid (10)
 J - a wand of mindburst (6)
 O - a wand of digging (6)
 Q - a wand of flame (6)
Scrolls
 f - a scroll of enchant weapon
 g - 4 scrolls of amnesia
 k - 3 scrolls of teleportation {@r2}
 A - 4 scrolls of fog
 E - 2 scrolls of immolation
 L - a scroll of butterflies
 R - a scroll of magic mapping
 S - a scroll of fear
Potions
 b - 6 potions of curing {@q1}
 j - a potion of resistance
 l - 11 potions of flight
 m - 2 potions of attraction
 n - a potion of haste {unknown}
 p - 2 potions of mutation
 q - a potion of heal wounds {unknown}
 s - a potion of degeneration {unknown}
 v - 2 potions of lignification
 w - 3 potions of magic
 x - a potion of brilliance {unknown}
 D - a potion of cancellation
 K - 3 potions of berserk rage {!q}
 N - a potion of might
Miscellaneous
 B - a phantom mirror (inert)

Dungeon Overview and Level Annotations

Branches:
Dungeon (8/15)             Temple (0/1) D:4            Lair (5/5) D:8
  Swamp (0/4) Lair:3       Spider (0/4) Lair:2       Bailey (visited)
  IceCv (visited)
  Slime: Lair:4-5

Altars:
Ashenzari
Dithmenos
Fedhas
Makhleb
Nemelex Xobeh
Okawaru
Qazlal
Uskayaw
Xom
Yredelemnul

Shops:
D:8

? ### ### #.###
#@# #...## #l##
...P.#### ##.#
.[....#.## ##l#
...Y.....###F##
....FY..###F##
Y.FFY...Y#F##
.##.##.FYy#.##
######.FFFFlF#


You could see a skyshark (berserk, very poisoned), 3 blink frogs, a vampire
mosquito and a friendly skyshark (summoned, berserk, very poisoned, drained).


Message History

The skyshark tail-slaps you but does no damage.
The blink frog blinks!
The skyshark barely misses you.
The skyshark tail-slaps you but does no damage.
The skyshark tail-slaps you!
* * * LOW HITPOINT WARNING * * *
It was a potion of cancellation.
Your magical effects are unravelling.
You feel magically purged.
You feel less wooden.
Your +0 cloak unmelds from your body.
The +0 pair of gloves of Kiti {Rampage rPois rC+} unmelds from your body.
Your +0 pair of boots unmelds from your body.
The +8 plate armour of Philately {Stlth+} unmelds from your body.
The skyshark bites you but does no damage.
The skyshark tail-slaps you but does no damage. x2
Blink to where?
Press: ? - help, Dir - move target
As you read the scroll of blinking, it crumbles to dust.
Okay, then.
Aiming: Phantom Mirror
Press: ? - help, Dir - move target, f - skyshark
Aim: a skyshark (severely wounded, berserk, very poisoned)
You reflect the skyshark with the mirror!
The mirror clouds!
Your skyshark completely misses the blink frog. x2
Your skyshark tail-slaps the blink frog.
The blink frog hits your skyshark but does no damage.
The skyshark bites you!!
You die...
Your body rises from the dead as a mindless zombie.

Skill      XL: |  1  2  3  4  5  6  7  8  9 10 11 12 13 |
---------------+----------------------------------------+-----
Polearms       | 4 5 6 7 9 10 12 | 12.0
Armour         | 1 3 5 6 8 10 12 14 15 | 15.7
Invocations    | 8 10 | 10.2
Fighting       | 6 10 | 10.4
Dodging        | 2 |  2.9
Throwing       | |  1.0
Spellcasting   | |  1.0
Transmutations | |  1.0

Action                     |  1- 3 |  4- 6 |  7- 9 | 10-12 | 13-15 || total
---------------------------+-------+-------+-------+-------+-------++-------
  Melee: Spear             |   102 |   181 |   497 |   717 |   427 ||  1924
         Punch             |       |       |     8 |     5 |     4 ||    17
         Headbutt          |       |       |    39 |   121 |    68 ||   228
 Invoke: Dark Bargain      |       |       |       |     1 |       ||     1
  Evoke: Wand              |       |       |       |       |     1 ||     1
         Phantom mirror    |       |       |       |       |     1 ||     1
    Use: Scroll            |     5 |     6 |     9 |     3 |     2 ||    25
         Potion            |       |     1 |     1 |     4 |     6 ||    12
   Stab: Sleeping          |     4 |       |       |       |       ||     4
         Distracted        |     1 |       |     3 |     6 |     6 ||    16
         Invisible         |       |       |       |    11 |       ||    11
 Armour: Robe              |     6 |     2 |       |       |       ||     8
         Scale mail        |       |    29 |    37 |       |       ||    66
         Plate armour      |       |       |   177 |   386 |   153 ||   716
         Skin              |       |       |       |       |     2 ||     2
  Dodge: Dodged            |    23 |    43 |    79 |   151 |    61 ||   357

Levels and vault maps discovered:
D:1:      lightli_arrival_lavapool, layout_basic,
          shapermc_ecumenical_altar_notcrosses, hangedman_decor_clover_reticule
D:2:      layout_basic
D:3:      layout_basic, evilmike_ruin_ashenzari
D:4:      layout_basic, nicolae_overflow_hallway_of_the_gods,
          minmay_temple_entry_waves, minmay_joined_circles, uniq_ijyb
D:5:      minmay_angry_zag, layout_gridville, minmay_bent
D:6:      layout_loops_ring, grunt_temple_overflow_forces_of_nature,
          grunt_dithmenos_smoke
D:7:      layout_rooms, enter_bailey_4
D:8:      layout_basic, dpeg_lair_monsters, serial_shops, shop,
          serial_co_window_serial, co_window_paths_b, co_window_paths_b,
          co_window_of_opportunity_a, co_window_paths_a, co_window_paths_a,
          co_window_of_opportunity_c, co_window_corner_b,
          co_window_of_opportunity_b, co_window_2corner, co_window_2corner,
          co_window_unsneaky_path_c, co_window_of_opportunity_b,
          glass_columns_a, glass_columns_b
Lair:1:   layout_regular_city, portal_ice_cave_entry_imps, grunt_megastairs_2
Lair:2:   regret_index_combs_of_tragedy, layout_chaotic_city,
          spider_nest_entry_funnel_web, st_stairs_5
Lair:3:   layout_hall_layers, skrybe_swamp_entry_bodies, st_stairs_7,
          lemuel_old_faithful, infiniplex_staircase_pool_2
Lair:4:   layout_roguey, lemuel_fruit_fields, infiniplex_staircase_pool
Lair:5:   minmay_lair_end_frog_pond, layout_hall_layers,
          nicolae_slime_entry_field_trip

Notes
Turn   | Place    | Note
-------+----------+-------------------------------------------
     0 | D:1      | demibob the Demonspawn Wanderer began the quest for the
                  | Orb.
     0 | D:1      | demibob set off with the following items: a +3 spear, a
                  | potion of curing {@q1}, a +0 robe; and the following spell
                  | memorised: Beastly Appendage; and the following spells
                  | available to memorise: Spider Form.
     0 | D:1      | Reached XP level 1. HP: 18/18 MP: 2/2
   189 | D:1      | Reached skill level 4 in Polearms
   245 | D:1      | Found a faded altar of an unknown god.
   260 | D:1      | Gained mutation: A weak demonic guardian rushes to your
                  | aid. [demonic ancestry]
   260 | D:1      | Reached XP level 2. HP: 24/24 MP: 3/3
   264 | D:1      | Prayed at the altar of an unknown god.
   264 | D:1      | Became a worshipper of Yredelemnul the Dark
   264 | D:1      | Reached * piety under Yredelemnul
   720 | D:2      | Reached XP level 3. HP: 24/29 MP: 4/4
  1130 | D:2      | Reached ** piety under Yredelemnul
  1160 | D:2      | Reached skill level 5 in Polearms
  1438 | D:3      | Reached XP level 4. HP: 22/35 MP: 5/5
  1804 | D:3      | Found a broken altar of Ashenzari.
  2278 | D:3      | Gained mutation: You may rarely emit foul miasma when
                  | damaged in melee. [demonic ancestry]
  2278 | D:3      | Reached XP level 5. HP: 29/41 MP: 6/6
  2720 | D:4      | Noticed an ogre
  2730 | D:4      | Killed an ogre
  2731 | D:4      | Reached skill level 6 in Polearms
  2731 | D:4      | Reached skill level 1 in Armour
  2786 | D:4      | Gained mutation: You sometimes emit foul miasma when
                  | damaged in melee. [demonic ancestry]
  2786 | D:4      | Reached XP level 6. HP: 46/47 MP: 7/7
  2810 | D:4      | Reached skill level 2 in Armour
  2810 | D:4      | Noticed Ijyb
  2822 | D:4      | Paralysed by Ijyb for 3 turns
  2835 | D:4      | Killed Ijyb
  2906 | D:4      | Found a staircase to the Ecumenical Temple.
  3070 | D:4      | Found a shimmering altar of Xom.
  3103 | D:4      | Found an iron altar of Okawaru.
  3110 | D:4      | Found a burning altar of Makhleb.
  3113 | D:4      | Found a basalt altar of Yredelemnul.
  3115 | D:4      | Found a hide-covered altar of Uskayaw.
  3120 | D:4      | Found a sparkling altar of Nemelex Xobeh.
  3378 | D:4      | Reached skill level 3 in Armour
  3406 | D:4      | Reached skill level 7 in Polearms
  3406 | D:4      | Reached XP level 7. HP: 37/52 MP: 8/8
  3435 | D:4      | Reached skill level 4 in Armour
  3837 | D:5      | Entered Level 5 of the Dungeon
  4215 | D:5      | Reached skill level 5 in Armour
  4215 | D:5      | Gained mutation: You are partially covered in rugged brown
                  | scales. (AC +1, +3% HP) [demonic ancestry]
  4215 | D:5      | Reached XP level 8. HP: 29/59 MP: 9/9
  4242 | D:5      | Reached skill level 8 in Polearms
  4517 | D:5      | Identified the +8 plate armour of Philately {Stlth+}
  4787 | D:5      | Reached skill level 6 in Armour
  5001 | D:5      | Paralysed by an orc for 3 turns
  5038 | D:5      | Reached skill level 9 in Polearms
  5203 | D:5      | Gained mutation: You have a pair of small horns on your
                  | head. [demonic ancestry]
  5203 | D:5      | Reached XP level 9. HP: 49/64 MP: 10/10
  5207 | D:5      | Reached *** piety under Yredelemnul
  5510 | D:6      | Identified the +0 pair of gloves of Kiti {Rampage rPois
                  | rC+}
  5600 | D:6      | Found a blossoming altar of Fedhas.
  5606 | D:6      | Found a stormy altar of Qazlal.
  5628 | D:6      | Reached skill level 7 in Armour
  6127 | D:6      | Found a shadowy altar of Dithmenos.
  6340 | D:6      | Reached skill level 10 in Polearms
  6352 | D:6      | Reached skill level 8 in Armour
  6589 | D:7      | Found a flagged portal.
  6610 | Bailey   | Entered a bailey
  6777 | Bailey   | Identified the +0 chain mail of Elyvilon's Whim {rN+ Int+3}
  6987 | D:7      | Gained mutation: You are mostly covered in rugged brown
                  | scales. (AC +2, +5% HP) [demonic ancestry]
  6987 | D:7      | Reached XP level 10. HP: 58/73 MP: 11/11
  7192 | D:7      | Reached skill level 9 in Armour
  7400 | D:7      | Identified 2 potions of resistance
  7602 | D:8      | Noticed a death yak
  7630 | D:8      | Killed a death yak
  7631 | D:8      | Reached skill level 11 in Polearms
  7651 | D:8      | Noticed a death yak
  7651 | D:8      | Noticed a death yak
  7651 | D:8      | Noticed a death yak
  7660 | D:8      | Noticed a death yak
  7664 | D:8      | Noticed a death yak
  7668 | D:8      | Killed a death yak
  7676 | D:8      | Killed a death yak
  7687 | D:8      | Killed a death yak
  7688 | D:8      | Reached skill level 10 in Armour
  7696 | D:8      | Killed a death yak
  7697 | D:8      | Reached skill level 12 in Polearms
  7710 | D:8      | Killed a death yak
  7711 | D:8      | Reached XP level 11. HP: 78/78 MP: 12/12
  7720 | D:8      | Found a staircase to the Lair.
  7910 | D:8      | Reached skill level 11 in Armour
  7991 | D:8      | Found Surech's Magic Scroll Emporium.
  8495 | Lair:1   | Entered Level 1 of the Lair of Beasts
  8514 | Lair:1   | Reached skill level 1 in Invocations
  8524 | Lair:1   | Reached skill level 2 in Invocations
  8550 | Lair:1   | Reached skill level 3 in Invocations
  8742 | Lair:1   | Reached skill level 4 in Invocations
  8986 | Lair:1   | Found a frozen archway.
  9023 | IceCv    | Entered an ice cave
  9056 | IceCv    | Reached skill level 5 in Invocations
  9168 | IceCv    | Reached skill level 6 in Invocations
  9187 | IceCv    | Reached skill level 12 in Armour
  9224 | IceCv    | Reached skill level 7 in Invocations
  9332 | IceCv    | Noticed a death yak
  9332 | IceCv    | Noticed a death yak
  9332 | IceCv    | Noticed a death yak
  9335 | IceCv    | Killed a death yak
  9347 | IceCv    | Killed a death yak
  9348 | IceCv    | Reached skill level 8 in Invocations
  9352 | IceCv    | Killed a death yak
  9353 | IceCv    | Reached **** piety under Yredelemnul
  9383 | IceCv    | Noticed a death yak
  9383 | IceCv    | Noticed an ironbound frostheart
  9383 | IceCv    | Noticed an ironbound frostheart
  9388 | IceCv    | Reached ***** piety under Yredelemnul
  9389 | IceCv    | Gained mutation: You have a pair of horns on your head.
                  | [demonic ancestry]
  9389 | IceCv    | Reached XP level 12. HP: 85/85 MP: 18/18
  9415 | IceCv    | Killed a death yak
  9416 | IceCv    | Reached skill level 9 in Invocations
  9454 | IceCv    | Killed an ironbound frostheart
  9472 | IceCv    | Killed an ironbound frostheart
  9473 | IceCv    | Reached skill level 13 in Armour
  9483 | IceCv    | Reached skill level 10 in Invocations
  9625 | IceCv    | Noticed a death yak
  9642 | IceCv    | Killed a death yak
  9646 | IceCv    | Reached ****** piety under Yredelemnul
  9665 | IceCv    | Reached skill level 4 in Fighting
 10166 | Lair:2   | Found a hole to the Spider Nest.
 10265 | Lair:2   | Reached skill level 5 in Fighting
 10304 | Lair:2   | Noticed a six-headed hydra
 10312 | Lair:2   | Killed a six-headed hydra
 10350 | Lair:2   | Identified the +3 spear of Gozag, Holding {spect, +Blink
                  | Stlth+}
 10500 | Lair:2   | Reached skill level 6 in Fighting
 10568 | Lair:2   | Reached skill level 14 in Armour
 10663 | Lair:2   | Reached XP level 13. HP: 39/99 MP: 20/20
 10689 | Lair:2   | Reached skill level 7 in Fighting
 10888 | Lair:2   | Reached skill level 8 in Fighting
 11641 | Lair:3   | Reached skill level 15 in Armour
 11720 | Lair:3   | Found a staircase to the Swamp.
 11726 | Lair:3   | Reached skill level 9 in Fighting
 12518 | Lair:4   | Reached skill level 10 in Fighting
 12518 | Lair:4   | Reached skill level 1 in Dodging
 12919 | Lair:5   | Entered Level 5 of the Lair of Beasts
 13079 | Lair:5   | Reached skill level 2 in Dodging
 13106 | Lair:5   | Reached XP level 14. HP: 54/115 MP: 21/21
 13178 | Lair:5   | HP: 17/174 [skyshark (18)]
 13178 | Lair:5   | HP: 8/174 [skyshark (9)]
 13181 | Lair:5   | Demolished by a skyshark

Vanquished Creatures
  An ironbound frostheart (IceCv)
  2 hydras
  A boulder beetle (Lair:3)
  8 death yaks
  A skyshark (Lair:5)
  A bog body (Lair:3)
  A manticore (Lair:2)
  6 elephants
  2 black mambas
  9 cane toads
  An ice statue (IceCv)
  2 rime drakes
  6 komodo dragons
  A queen bee (Lair:2)
  5 meliai (Lair:2)
  A tyrant leech (Lair:5)
  11 polar bears
  6 blink frogs (Lair:2)
  30 yaks
  2 wyverns
  7 basilisks
  A redback (Lair:2)
  A vampire mosquito (Lair:5)
  12 water moccasins
  2 sky beasts
  10 orc warriors
  2 black bears
  4 ice beasts
  4 ogres
  A centaur (D:7)
  24 wolves
  3 phantoms
  11 bullfrogs
  4 scorpions
  A gnoll sergeant (D:6)
  5 wights (D:6)
  17 killer bees (Lair:2)
  A howler monkey (D:4)
  13 hounds
  A jelly (D:5)
  A gnoll bouda (D:7)
  4 orc priests
  4 iguanas
  7 orc wizards
  Ijyb (D:4)
  2 sleepcaps (D:7)
  11 gnolls
  9 adders
  A river rat (Lair:2)
  A shadow imp (D:8)
  9 white imps (Lair:1)
  A worm (D:2)
  3 dart slugs
  20 orcs
  6 ball pythons
  4 bats
  5 endoplasms
  3 giant cockroaches
  8 goblins
  13 hobgoblins
  7 jackals
  4 quokkas
  2 frilled lizards
  23 kobolds
  5 rats
375 creatures vanquished.

Vanquished Creatures (collateral kills)
  6 death yaks
  An ironbound frostheart (IceCv)
  A goliath frog (Lair:5)
  A lindwurm (Lair:4)
  A manticore (Lair:2)
  2 elephants
  4 cane toads
  A komodo dragon (Lair:2)
  2 polar bears (IceCv)
  A culicivora (Lair:2)
  14 yaks
  2 basilisks (Lair:2)
  2 vampire mosquitoes (Lair:5)
  4 water moccasins
  5 wolves
  A centaur (D:5)
  A bullfrog (Lair:1)
  7 killer bees (Lair:2)
  An adder (D:5)
  2 gnolls
  3 white imps (Lair:1)
  4 orcs
  An endoplasm (D:4)
  A hobgoblin (D:3)
  A ball python (D:4)
  A frilled lizard (D:1)
  A butterfly (Lair:4)
71 creatures vanquished.

Vanquished Creatures (others)
  A goliath frog zombie (Lair:5)
  A death yak zombie (D:8)
  A redback zombie (Lair:2)
  3 meliai zombies (Lair:2)
  A black mamba zombie (Lair:4)
  A tyrant leech zombie (Lair:5)
  4 cane toad zombies (Lair:5)
  A sky beast (D:7)
  A blink frog zombie (Lair:2)
  2 vampire mosquito zombies (Lair:5)
  3 komodo dragon zombies
  A wyvern zombie (Lair:2)
  4 water moccasin zombies
  13 yak zombies
  A queen bee zombie (Lair:2)
  3 polar bear zombies (IceCv)
  9 wolf zombies
  3 basilisk zombies (Lair:2)
  5 bullfrog zombies
  13 killer bee zombies (Lair:2)
  An ogre zombie (D:6)
  A sky beast zombie (D:7)
  4 hound zombies
  4 adder zombies
  A jelly zombie (D:5)
  2 spectral white imps (Lair:1)
  A bat zombie (D:3)
  3 ball python zombies
  A frilled lizard zombie (D:3)
  3 gnoll zombies
  2 hobgoblin zombies (D:3)
  A jackal zombie (D:4)
  4 kobold zombies
  6 orc zombies
  2 quokka zombies
  34 fungi
  39 plants
180 creatures vanquished.

Grand Total: 626 creatures vanquished

Table legend: (Time is in decaauts)
 A = Elapsed time spent in this place.
 B = Non-inter-level travel time spent in this place.
 C = Inter-level travel time spent in this place.
 D = Time resting spent in this place.
 E = Time spent auto-exploring this place.
 F = Levels seen in this place.
 G = Mean time per level.
                   A        B        C        D        E       F      G
               +--------+--------+--------+--------+--------+-----+--------+
         Total |  12503 |  11960 |    543 |    277 |   9010 |  15 |  833.5 |
       Dungeon |   7939 |   7501 |    438 |    232 |   5919 |   8 |  992.4 |
          Lair |   3543 |   3438 |    105 |     33 |   2596 |   5 |  708.6 |
        Bailey |    317 |    317 |      0 |     12 |    125 |   1 |  317.0 |
      Ice Cave |    703 |    703 |      0 |      0 |    369 |   1 |  703.0 |
               +--------+--------+--------+--------+--------+-----+--------+

Top non-repeatable levels by time:
     D:5: 1609 daAuts
     D:3: 1317 daAuts
  Lair:2: 1094 daAuts
     D:4: 1094 daAuts
     D:8: 1034 daAuts
     D:6: 963 daAuts
  Lair:1: 814 daAuts
  Lair:4: 812 daAuts
     D:2: 726 daAuts
   IceCv: 703 daAuts
     D:1: 649 daAuts
  Lair:3: 643 daAuts
     D:7: 543 daAuts
  Bailey: 317 daAuts
  Lair:5: 178 daAuts

Table legend:
 A = Non-vault XP
 B = Vault XP
 C = Vault XP percentage of total XP
 D = Non-vault monster count
 E = Vault monster count
 F = Vault count percentage of total count
                 A         B        C        D         E       F
            +---------+---------+-------+---------+---------+-------
      Total |   30639 |   36875 |  54.6 |     251 |     195 |  43.7
            +---------+---------+-------+---------+---------+-------
        D:1 |      21 |       0 |   0.0 |      13 |       0 |   0.0
        D:2 |      61 |       0 |   0.0 |      20 |       0 |   0.0
        D:3 |     132 |       0 |   0.0 |      23 |       0 |   0.0
        D:4 |     238 |     655 |  73.3 |      18 |      20 |  52.6
        D:5 |     826 |     937 |  53.1 |      19 |      14 |  42.4
        D:6 |    1563 |       0 |   0.0 |      28 |       0 |   0.0
        D:7 |     810 |      11 |   1.3 |      23 |       5 |  17.9
        D:8 |    1222 |    4896 |  80.0 |      12 |       6 |  33.3
     Lair:1 |    2235 |     907 |  28.9 |      13 |      14 |  51.9
     Lair:2 |    7891 |    8771 |  52.6 |      27 |      53 |  66.2
     Lair:3 |    6067 |     661 |   9.8 |      26 |       1 |   3.7
     Lair:4 |    6248 |       0 |   0.0 |      18 |       0 |   0.0
     Lair:5 |    3325 |    4976 |  59.9 |      11 |      14 |  56.0
     Bailey |       0 |     942 | 100.0 |       0 |      21 | 100.0
      IceCv |       0 |   14119 | 100.0 |       0 |      47 | 100.0
            +---------+---------+-------+---------+---------+-------
